 Dungeon Crawl Stone Soup version 0.31-a0-965-g8a8ce12e04 (webtiles) character file.

Game seed: 4331051297717172484

3143 Dirtsage the Martial Artist (level 9, -7/62 HPs)
             Began as an Octopode Shapeshifter on Oct 26, 2023.
             Mangled by a vampire mosquito (12 damage)
             ... on level 11 of the Dungeon.
             The game lasted 00:16:06 (6928 turns).

Dirtsage the Martial Artist (Octopode Shapeshifter) Turns: 6928, Time: 00:16:07

Health: -7/62      AC:  1    Str: 13    XL:     9   Next: 93%
Magic:  9/9        EV: 18    Int: 12    God:
Gold:   381        SH:  0    Dex: 16    Spells: 8/8 levels left

rFire   . .          .
                       - Unarmed
rCold   . . .        (no shield)
rNeg    . . .        (helmet currently unavailable)
rPois   .            (no amulet)
rElec   .            j - +5 ring of evasion
rCorr   .            (no ring)
SInv    .            (no ring)
Will    .....        (no ring)
Stlth   ++           (no ring)
HPRegen 0.30/turn    (no ring)
MPRegen 0.11/turn    (no ring)
                     (no ring)

%: no passive effects
@: beast-form
A: beast (slay +4), almost no armour, amphibious, 8 rings, camouflage 1,
gelatinous body 1, (nimble swimmer 1), tentacles
a: Begin Untransformation


You were on level 11 of the Dungeon.
You were a hulking beast.
You visited 2 branches of the dungeon, and saw 10 of its levels.
You also visited: Ossuary.

You collected 417 gold pieces.
You spent 36 gold pieces at shops.

Inventory:

Missiles
 w - a throwing net
 C - a curare-tipped dart
Armour
 d - a +1 hat
 n - the -2 hat of the Alchemist {rElec rPois rF+ rC+ rN+ Will+ rMut rCorr}
   (You acquired it on level 6 of the Dungeon)

   rF+:       It protects you from fire.
   rC+:       It protects you from cold.
   rElec:     It insulates you from electricity.
   rPois:     It protects you from poison rN+: It protects you from negative
   energy.
   Will+:     It increases your willpower.
   rCorr:     It protects you from acid and corrosion.
   rMut:      It protects you from mutation.
Magical Staves
 A - a staff of earth
Jewellery
 j - a +5 ring of evasion (left tentacle)
Talismans
 b - a beast talisman
 c - a flux talisman
Wands
 r - a wand of paralysis (2)
Scrolls
 f - a scroll of fog
 g - 3 scrolls of poison
 h - a scroll of summoning
 i - 2 scrolls of identify
 k - a scroll of immolation
 o - a scroll of teleportation {unknown}
 p - a scroll of noise
 u - 2 scrolls of amnesia
 z - a scroll of torment {unknown}
 B - 2 scrolls of blinking
Potions
 a - 3 potions of lignification
 e - 2 potions of enlightenment {unknown}
 l - a potion of heal wounds
 m - a potion of might {unknown}
 q - 3 potions of curing
 s - a potion of degeneration {unknown}
 t - a potion of attraction {unknown}
 x - a potion of brilliance {unknown}
 y - a potion of mutation {unknown}


   Skills:
 + Level 6.1 Fighting
 - Level 2.0 Dodging
 * Level 9.1 Unarmed Combat
 * Level 8.4 Shapeshifting


You had 8 spell levels left.
You didn't know any spells.
Your spell library contained the following spells:

 Spells                   Type           Power      Damage    Failure   Level
 Slow                     Hex            0%         N/A       32%         1
 Cigotuvi's Dreadful Rot  Necr/Pois/Air  0%         N/A       45%         2
 Confusing Touch          Hex            0%         N/A       69%         3
 Gell's Gravitas          Tloc           0%         N/A       69%         3
 Sigil of Binding         Hex            0%         N/A       69%         3
 Teleport Other           Tloc           0%         N/A       69%         3
 Vampiric Draining        Necr           0%         2d6       69%         3
 Dispel Undead            Necr           0%         3d6       97%         4
 Death Channel            Necr           0%         N/A       100%        6
 Dispersal                Tloc           0%         N/A       100%        6


Dungeon Overview and Level Annotations

Branches:
Dungeon (8/15)             Temple (1/1) D:7            Lair (0/5) D:8
Ossuary (visited)

Altars:
Ashenzari
Cheibriados
Dithmenos
Gozag
Hepliaklqana
Kikubaaqudgha
Nemelex Xobeh
Okawaru
Qazlal
Ru
Trog
Uskayaw
Vehumet
Xom
Zin
The Shining One

Shops:
D:1 [*!   D:7 !   D:8 *


Innate Abilities, Weirdness & Mutations

You are a hulking beast.
Your limbs bulge with bestial killing power. (Slay +4)
You cannot wear most types of armour.
You are amphibious.
You can wear up to eight rings at the same time.
Your skin changes colour to match your surroundings (Stealth+).
Your rubbery body absorbs attacks. (AC +1, EV +1)
((You are camouflaged when in or above water. (Stealth+)))
You have tentacles for arms and can constrict up to eight enemies at once.


Message History

You barely miss the vampire mosquito. Your grab misses the vampire mosquito.
The vampire mosquito is lightly damaged.
The vampire mosquito closely misses you.
You tentacle-slap the vampire mosquito. You grab the vampire mosquito.
You squeeze the vampire mosquito.
The vampire mosquito is heavily damaged.
You constrict the vampire mosquito. The vampire mosquito barely misses you.
The vampire mosquito closely misses you.
You bludgeon the vampire mosquito!
You destroy the vampire mosquito!
The vampire mosquito misses you.
You barely miss the vampire mosquito. Your grab misses the vampire mosquito.
You tentacle-slap the vampire mosquito.
The vampire mosquito is lightly damaged.
The vampire mosquito bites you.
The vampire mosquito draws strength from your injuries!
The vampire mosquito misses you.
You take 2 damage, and have 30/62 hp.
You completely miss the vampire mosquito.
Your grab misses the vampire mosquito. The vampire mosquito barely misses you.
You closely miss the vampire mosquito. You grab the vampire mosquito.
You constrict the vampire mosquito. The vampire mosquito bites you.
The vampire mosquito draws strength from your injuries!
The vampire mosquito barely misses you.
You take 5 damage, and have 25/62 hp.
You tentacle-slap the vampire mosquito.
The vampire mosquito is moderately damaged.
You constrict the vampire mosquito, but do no damage.
The vampire mosquito bites you!
* * * LOW HITPOINT WARNING * * *
The vampire mosquito draws strength from your injuries!
You take 10 damage, and have 15/62 hp.
You tentacle-slap the vampire mosquito.
The vampire mosquito is lightly damaged.
You constrict the vampire mosquito, but do no damage.
The vampire mosquito bites you!
* * * LOW HITPOINT WARNING * * *
The vampire mosquito draws strength from your injuries!
The vampire mosquito bites you!
You die...

###### #....#
********** #....#
*,,,,,,,,** #....#
****,,,,,,,,+,
#....#####..+,,,,,,,,**
#....'hy...#*,,,,,,<,**
#....#######*,,,,,,,,**
#....# *,,,,,,,,*
########'######
***+******
########.###### *,***
########.###### *,,,*
########.######
******,**
#######..######
*,,,,,,,*
#######.#######
*,,,,,,,*


You could see a vampire mosquito.

Vanquished Creatures
  2 vampire mosquitoes (D:11)
  Eustachio (D:5)
  3 water moccasins (D:7)
  A sky beast (D:5)
  An orc warrior (D:7)
  2 ogres (D:6)
  3 phantoms (D:5)
  A kobold brigand (D:8)
  A bullfrog (D:8)
  A scorpion (D:5)
  17 wights (D:7)
  A howler monkey (D:7)
  2 human zombies (Ossuary)
  A gnoll bouda (D:6)
  5 hounds
  A jelly (D:6)
  Ijyb (D:4)
  3 orc wizards
  An iguana (D:6)
  4 mummies
  7 adders
  9 gnolls
  2 shadow imps
  3 white imps
  2 ufetubi (D:5)
  2 adder zombies (Ossuary)
  2 worms
  2 dart slugs
  20 orcs
  7 endoplasms
  3 giant cockroaches
  3 goblins
  5 hobgoblins
  7 jackals
  2 quokkas
  6 ball pythons
  14 bats
  3 frilled lizards
  2 goblin zombies
  2 hobgoblin zombies (Ossuary)
  9 kobolds
  4 kobold zombies (Ossuary)
  An orc zombie (D:4)
  4 quokka zombies (Ossuary)
  3 rats (D:1)
  3 rat zombies (Ossuary)
179 creatures vanquished.

Notes
Turn   | Place    | Note
-------+----------+-------------------------------------------
     0 | D:1      | Dirtsage the Octopode Shapeshifter began the quest for the
                  | Orb.
     0 | D:1      | Reached XP level 1. HP: 13/13 MP: 1/1
    62 | D:1      | Found Haedutui's Assorted Antiques.
    95 | D:1      | Reached XP level 2. HP: 16/18 MP: 2/2
   358 | D:1      | Found Tinteptu's Distillery.
   366 | D:1      | Bought a potion of curing for 36 gold pieces
   391 | D:1      | Found Laasomiq's Armour Shoppe.
   586 | D:2      | Reached XP level 3. HP: 23/23 MP: 3/3
   643 | D:2      | Identified the +1 trident of the Philosopher {heavy, rElec
                  | rF++ Dex-5}
  1004 | D:3      | Reached XP level 4. HP: 20/29 MP: 4/4
  1300 | D:3      | Found a glowing silver altar of Zin.
  1473 | D:4      | Noticed Ijyb
  1483 | D:4      | Paralysed by Ijyb for 4 turns
  1491 | D:4      | Killed Ijyb
  1492 | D:4      | Reached skill level 4 in Unarmed Combat
  1646 | D:4      | Reached XP level 5. HP: 23/34 MP: 5/5
  1699 | D:4      | Found a sand-covered staircase.
  1705 | Ossuary  | Entered an ossuary
  1824 | Ossuary  | Reached XP level 6. HP: 28/41 MP: 6/6
  2349 | D:5      | Entered Level 5 of the Dungeon
  2360 | D:5      | Reached skill level 5 in Unarmed Combat
  2368 | D:5      | Reached skill level 5 in Shapeshifting
  2447 | D:5      | Reached XP level 7. HP: 39/46 MP: 7/7
  2847 | D:5      | Reached skill level 6 in Unarmed Combat
  2929 | D:5      | Found a shadowy altar of Dithmenos.
  3119 | D:5      | Reached XP level 8. HP: 18/54 MP: 8/8
  3290 | D:5      | Noticed Eustachio
  3464 | D:5      | Killed Eustachio
  3799 | D:6      | Found a radiant altar of Vehumet.
  4221 | D:6      | Reached skill level 7 in Unarmed Combat
  4802 | D:6      | Found a shimmering altar of Xom.
  5022 | D:6      | Identified a scroll of acquirement
  5022 | D:6      | Acquired the -2 hat of the Alchemist {rElec rPois rF+ rC+
                  | rN+ Will+ rMut rCorr}
  5022 | D:6      | Found the -2 hat of the Alchemist {rElec rPois rF+ rC+ rN+
                  | Will+ rMut rCorr}
  5132 | D:6      | Upgraded the game from 0.31-a0-963-ga325b2283a to
                  | 0.31-a0-965-g8a8ce12e04
  5413 | D:7      | Reached XP level 9. HP: 30/60 MP: 9/9
  5528 | D:7      | Found Aczuat's Distillery.
  5549 | D:7      | Reached skill level 5 in Fighting
  5707 | D:7      | Reached skill level 8 in Unarmed Combat
  6021 | D:7      | Found a staircase to the Ecumenical Temple.
  6028 | Temple   | Entered the Ecumenical Temple
  6314 | D:7      | HP: 2/60 [wight/+0 spear (3)]
  6631 | D:8      | Found a staircase to the Lair.
  6894 | D:8      | Found Fecsastre's Assorted Antiques.
  6896 | D:8      | You fall into a shaft and drop 3 floors!
  6920 | D:11     | Reached skill level 9 in Unarmed Combat
  6928 | D:11     | Mangled by a vampire mosquito

Illustrated notes

Levels and vault maps discovered:
D:1:      matt_arrival_los_fun, layout_rooms, serial_shops, shop,
          nicolae_square_shop, nicolae_shop_crystal,
          minmay_misc_feat_more_columns
D:2:      layout_rooms
D:3:      layout_basic, zin_academy, serial_bayou_pond_c,
          minmay_misc_feat_hallway
D:4:      layout_gridville, nicolae_ossuary_entry_giza, uniq_ijyb
D:5:      wander_river, layout_basic, grunt_dithmenos_shadows, uniq_eustachio
D:6:      layout_basic, mainiacjoe_overflow_24_doors,
          nicolae_vehumet_altar_sigil, roderic_batcave, supply_closet_lemuel
D:7:      layout_basic, temple_green, serial_shops, nicolae_square_shop
D:8:      layout_rooms, dpeg_oklobed_lair, enter_bailey_7, serial_shops,
          nicolae_shop_window_shopping, nicolae_underground_beach, uniq_joseph,
          uniq_amaemon
D:11:     layout_roguey [special_room_orc], gauntlet_entry_generic,
          serial_nicolae_subway, nicolae_sub_station_crystal,
          nicolae_sub_station_stone, nicolae_sub_station_metal
Temple:   minmay_temple_forest_path

Skill      XL: |  1  2  3  4  5  6  7  8  9 |
---------------+----------------------------+-----
Fighting       | 2 3 4 6 |  6.1
Unarmed Combat | 4 5 6 7 9 |  9.1
Shapeshifting  | 4 5 7 8 |  8.4
Dodging        | |  2.0

Action                     |  1- 3 |  4- 6 |  7- 9 || total
---------------------------+-------+-------+-------++-------
  Melee: Unarmed           |    63 |   124 |   257 ||   444
         Constrict         |    15 |    26 |    61 ||   102
         Tentacles         |    12 |    34 |    74 ||   120
         Punch             |     1 |     9 |     7 ||    17
  Evoke: Wand              |       |       |     4 ||     4
    Use: Scroll            |       |     4 |     8 ||    12
         Potion            |       |       |     3 ||     3
   Stab: Sleeping          |     3 |    10 |     4 ||    17
         Distracted        |     1 |       |       ||     1
         Paralysed         |       |       |     5 ||     5
 Armour: Skin              |    16 |    27 |   105 ||   148
  Dodge: Dodged            |    37 |    74 |   194 ||   305

Table legend: (Time is in decaauts)
 A = Elapsed time spent in this place.
 B = Non-inter-level travel time spent in this place.
 C = Inter-level travel time spent in this place.
 D = Time resting spent in this place.
 E = Time spent auto-exploring this place.
 F = Levels seen in this place.
 G = Mean time per level.
                   A        B        C        D        E       F      G
               +--------+--------+--------+--------+--------+-----+--------+
         Total |   6881 |   6616 |    265 |    657 |   4845 |  11 |  625.5 |
       Dungeon |   6638 |   6373 |    265 |    657 |   4725 |   9 |  737.6 |
        Temple |      1 |      1 |      0 |      0 |      0 |   1 |    1.0 |
       Ossuary |    241 |    241 |      0 |      0 |    120 |   1 |  241.0 |
               +--------+--------+--------+--------+--------+-----+--------+

Top non-repeatable levels by time:
     D:7: 1398 daAuts
     D:5: 1376 daAuts
     D:6: 1355 daAuts
     D:4: 699 daAuts
     D:1: 555 daAuts
     D:3: 502 daAuts
     D:2: 383 daAuts
     D:8: 338 daAuts
 Ossuary: 241 daAuts
    D:11: 29 daAuts
  Temple: 1 daAuts
